Flyers vs Rangers

Created - September 24, 2015 at 17:11

Simulating a Pre-Season

Goals
1 2 3 OT1 SO T
Flyers 2 0 1 0 0 3
Rangers 0 1 2 0 1 4
Shots
1 2 3 OT1 SO T
Flyers 6 9 10 5 8 30
Rangers 2 17 7 3 8 29

1st period

1. Flyers , Daniel Sedin 4 (Ryan Ellis, Dan Boyle) at 0:22
2. Flyers , Pierre-Alexandr Parenteau 2 (Carl Hagelin, Ryan Ellis) at 8:01

Penalties :
Karl Alzner (NYR) for Holding (Minor) at 15:13

2nd period

3. Rangers , Benoit Pouliot 1 (Brad Richards, Anton Volchenkov) at 13:53

Penalties :
Olli Jokinen (PHI) for Tripping (Minor) at 3:07, Zemgus Girgensons (NYR) for Interference (Minor) at 9:30

3rd period

4. Flyers , Mike Ribeiro 3 (Tom Gilbert, Mike Santorelli) at 1:57
5. Rangers , Kris Russell 1 (Tyler Ennis, Alex Goligoski) at 3:36 (PP)
6. Rangers , Brad Richards 1 (Sean Couturier, Benoit Pouliot) at 13:17

Penalties :
Mark Fistric (PHI) for Hooking (Minor) at 2:28, Alex Goligoski (NYR) for Interference (Minor) at 15:27

Overtime #1

No Goal

Penalties :
No Penalty

Shootout

Penalty Shot by Kyle Brodziak for Flyers - Stopped by Brian Elliott
Penalty Shot by Tomas Tatar for Rangers - Stopped by Devan Dubnyk
Penalty Shot by Joel Ward for Flyers - Stopped by Brian Elliott
Penalty Shot by Benoit Pouliot for Rangers - Shot Misses the Net
Penalty Shot by Daniel Sedin for Flyers - Shot Misses the Net
Penalty Shot by Craig Smith for Rangers - Stopped by Devan Dubnyk
Penalty Shot by Mike Ribeiro for Flyers - Stopped by Brian Elliott
Penalty Shot by Tyler Ennis for Rangers - Stopped by Devan Dubnyk
Penalty Shot by Olli Jokinen for Flyers - Stopped by Brian Elliott
Penalty Shot by Jaromir Jagr for Rangers - Stopped by Devan Dubnyk
Penalty Shot by Pierre-Alexandr Parenteau for Flyers - Stopped by Brian Elliott
Penalty Shot by Zemgus Girgensons for Rangers - Shot Misses the Net
Penalty Shot by Mike Santorelli for Flyers - Shot Misses the Net
Penalty Shot by Sean Couturier for Rangers - Stopped by Devan Dubnyk
Penalty Shot by Jean-Gabriel Pageau for Flyers - Stopped by Brian Elliott
Penalty Shot by Brad Richards for Rangers - Goal!

Penalties :
No Penalty

Goalie Stats

Devan Dubnyk (PHI), 26 saves from 29 shots - (0.897), OTL, 2-0-1, 65:00 minutes
Brian Elliott (NYR), 27 saves from 30 shots - (0.900), W, 2-0-1, 65:00 minutes

Players Stats for Flyers

Player Name              G  A  P  +/- PIM S  H  SB GA TA FO     MP     PP MP  PK MP  
------------------------------------------------------------------------------------
Carl Hagelin             0  1  1   0  0   0  4  0  0  0  0/0    13:57   0:00   0:00 
Carlo Colaiacovo         0  0  0  -1  0   2  0  2  0  0  0/0    20:45   2:28   1:25 
Damien Brunner           0  0  0   0  0   1  0  0  0  0  0/0     5:35   0:00   0:00 
Damon Severson           0  0  0   0  0   0  0  0  0  0  0/0     0:00   0:00   0:00 
Dan Boyle                0  1  1   1  0   2  3  2  0  0  0/0    28:13   3:01   1:42 
Daniel Sedin             1  0  1   0  0   5  1  0  0  0  1/1    23:10   3:23   0:00 
Gabriel Bourque          0  0  0   0  0   0  1  0  0  0  2/6     5:22   0:00   0:00 
Jean-Gabriel Pageau      0  0  0   1  0   3  0  0  0  0  0/0    17:21   0:00   0:00 
Joel Ward                0  0  0   0  0   0  1  0  0  0  1/4    21:56   3:23   2:33 
Kyle Brodziak            0  0  0   0  0   1  3  0  0  0  23/37  21:45   2:34   2:11 
Luca Sbisa               0  0  0   1  0   1  0  0  0  0  0/0    15:26   0:00   0:00 
Mark Fistric             0  0  0  -1  2   1  2  2  0  0  0/0    20:22   2:56   0:49 
Mike Ribeiro             1  0  1   1  0   3  1  0  0  0  13/21  24:56   3:23   0:56 
Mike Santorelli          0  1  1   1  0   1  1  0  0  0  0/2    20:29   2:34   0:34 
Olli Jokinen             0  0  0   0  2   1  5  1  0  0  4/17   18:33   2:34   0:00 
Pierre-Alexandr Parentea 1  0  1   0  0   5  1  0  0  0  0/1    13:48   0:00   0:00 
Ryan Ellis               0  2  2   1  0   1  2  2  0  0  0/0    20:55   0:00   0:22 
Tom Gilbert              0  1  1   1  0   3  0  1  0  0  0/0    24:18   3:29   1:56 

Players Stats for Rangers

Player Name              G  A  P  +/- PIM S  H  SB GA TA FO     MP     PP MP  PK MP  
------------------------------------------------------------------------------------
Alex Goligoski           0  1  1  -2  2   1  1  2  0  0  0/0    27:06   0:54   1:59 
Anton Volchenkov         0  1  1   1  0   1  1  0  0  0  0/0    14:50   0:00   1:58 
Benoit Pouliot           1  1  2   2  0   1  1  0  0  0  0/2    13:30   1:49   1:09 
Brad Richards            1  1  2   2  0   2  0  0  0  0  0/0    10:57   0:00   0:00 
Cedric Paquette          0  0  0   0  0   0  0  0  0  0  2/6     7:35   0:00   1:48 
Chris Tanev              0  0  0   0  0   3  0  2  0  0  0/0    21:55   2:13   2:34 
Craig Smith              0  0  0  -2  0   0  0  0  0  0  0/2    17:04   1:18   0:00 
David Jones              0  0  0   0  0   1  0  0  0  0  0/0     5:22   0:00   0:00 
Eric Brewer              0  0  0   1  0   0  1  1  0  0  0/0    16:47   2:13   0:00 
Jaromir Jagr             0  0  0  -1  0   3  1  1  0  0  1/1    22:28   1:49   0:00 
Karl Alzner              0  0  0   0  2   0  3  3  0  0  0/0    21:04   0:00   2:15 
Kris Russell             1  0  1  -2  0   1  0  3  0  0  0/0    28:16   0:54   3:08 
Lance Bouma              0  0  0   0  0   1  1  0  0  0  0/2     7:10   0:00   1:48 
Mikael Backlund          0  0  0  -1  0   4  1  0  0  0  3/5    23:39   0:00   3:00 
Sean Couturier           0  1  1   2  0   4  1  0  0  0  14/22  14:41   0:00   4:09 
Tomas Tatar              0  0  0  -1  0   5  2  0  0  0  11/24  23:46   1:18   0:00 
Tyler Ennis              0  1  1  -2  0   2  0  0  0  0  0/1    17:04   1:18   0:00 
Zemgus Girgensons        0  0  0  -2  2   0  4  0  0  0  14/24  20:46   1:49   0:00 

3 Stars

1 - Benoit Pouliot (NYR)
2 - Brad Richards (NYR)
3 - Ryan Ellis (PHI)

Power Play

Flyers - 0 on 3 Attempt(s) - 0.00%
Rangers - 1 on 2 Attempt(s) - 50.00%

Penalty Kill

Flyers - 1 on 2 Attempt(s) - 50.00% - Score 0 goal in Penalty Kill
Rangers - 3 on 3 Attempt(s) - 100.00% - Score 0 goal in Penalty Kill

Team Stat

Flyers - Hits : 25 - Faceoff Wins : 44 - Blocked Shots : 10 - Penalty Minutes : 4
Rangers - Hits : 17 - Faceoff Wins : 45 - Blocked Shots : 12 - Penalty Minutes : 6

Official

Referees : Tim Peel and Dennis LaRue
Linesman : Andy McElman and Thor Nelson

Game Notes

No Game Note

% Time on Ice - Flyers

Lines # - Real PCT - Wanted PCT - Time Play
Normal Forward
1 - 28% - 40% - 14:25
2 - 34% - 35% - 17:21
3 - 27% - 20% - 13:48
4 - 11% - 5% - 5:22
Normal Defense
1 - 40% - 45% - 20:33
2 - 30% - 30% - 15:26
3 - 28% - 15% - 14:11
4 - 2% - 10% - 0:46
PP Forward
1 - 57% - 60% - 3:23
2 - 43% - 40% - 2:34
PP Defense
1 - 51% - 60% - 3:01
2 - 49% - 40% - 2:56
PK Forward
1 - 82% - 60% - 2:33
2 - 18% - 40% - 0:34
PK Defense
1 - 45% - 60% - 1:25
2 - 55% - 40% - 1:42
PK3 Forward
1 - 0% - 60%
2 - 0% - 40%
PK3 Defense
1 - 0% - 60%
2 - 0% - 40%
44 Forward
1 - 68% - 60% - 3:25
2 - 32% - 40% - 1:35
44 Defense
1 - 54% - 60% - 2:41
2 - 46% - 40% - 2:19
Last Minute Offensive  - 0:00
Last Minute Defensive  - 0:00
Total
Forward - 65:00
Defense - 65:00

% Time on Ice - Rangers

Lines # - Real PCT - Wanted PCT - Time Play
Normal Forward
1 - 38% - 40% - 19:16
2 - 31% - 30% - 15:46
3 - 21% - 20% - 10:32
4 - 11% - 10% - 5:22
Normal Defense
1 - 38% - 40% - 19:26
2 - 34% - 30% - 17:08
3 - 25% - 20% - 12:52
4 - 3% - 10% - 1:30
PP Forward
1 - 58% - 60% - 1:49
2 - 42% - 40% - 1:18
PP Defense
1 - 29% - 60% - 0:54
2 - 71% - 40% - 2:13
PK Forward
1 - 70% - 60% - 4:09
2 - 30% - 40% - 1:48
PK Defense
1 - 43% - 60% - 2:32
2 - 57% - 40% - 3:25
PK3 Forward
1 - 0% - 60%
2 - 0% - 40%
PK3 Defense
1 - 0% - 60%
2 - 0% - 40%
44 Forward
1 - 72% - 60% - 3:37
2 - 28% - 40% - 1:23
44 Defense
1 - 66% - 60% - 3:18
2 - 34% - 40% - 1:42
Last Minute Offensive  - 0:00
Last Minute Defensive  - 0:00
Total
Forward - 65:00
Defense - 65:00

Play by Play

1st period


0:01 of 1st period - Tomas Tatar wins face-off versus Joel Ward in neutral zone.
0:09 of 1st period - Alex Goligoski is hit by Ryan Ellis and loses puck.
0:22 of 1st period - Shot by Daniel Sedin.
0:22 of 1st period - Goal by Daniel Sedin - Flyers : 1 - Rangers : 0.
0:23 of 1st period - Zemgus Girgensons wins face-off versus Mike Santorelli in neutral zone.
0:51 of 1st period - Shot by Zemgus Girgensons.
0:51 of 1st period - Shot Misses the Net.
2:45 of 1st period - Shot by Tomas Tatar.
2:45 of 1st period - Shot Misses the Net.
3:10 of 1st period - Off-side.
3:11 of 1st period - Mike Ribeiro wins face-off versus Cedric Paquette in neutral zone.
4:10 of 1st period - Shot by Kyle Brodziak.
4:10 of 1st period - Stopped by Brian Elliott without a rebound.
4:11 of 1st period - Kyle Brodziak wins face-off versus Zemgus Girgensons in Rangers zone.
4:41 of 1st period - Icing by Kris Russell.
4:42 of 1st period - Zemgus Girgensons wins face-off versus Olli Jokinen in Rangers zone.
5:28 of 1st period - Daniel Sedin is hit by Anton Volchenkov.
5:40 of 1st period - Icing by Ryan Ellis.
5:41 of 1st period - Mike Ribeiro wins face-off versus Sean Couturier in Flyers zone.
6:03 of 1st period - Shot by Mike Santorelli.
6:03 of 1st period - Stopped by Brian Elliott without a rebound.
6:04 of 1st period - Kyle Brodziak wins face-off versus Tomas Tatar in Rangers zone.
6:11 of 1st period - Shot by Jaromir Jagr.
6:11 of 1st period - Stopped by Devan Dubnyk without a rebound.
6:12 of 1st period - Jaromir Jagr wins face-off versus Gabriel Bourque in Flyers zone.
6:47 of 1st period - Shot by Daniel Sedin.
6:47 of 1st period - Shot Misses the Net.
7:52 of 1st period - Tyler Ennis is hit by Dan Boyle and loses puck.
8:01 of 1st period - Shot by Pierre-Alexandr Parenteau.
8:01 of 1st period - Goal by Pierre-Alexandr Parenteau - Flyers : 2 - Rangers : 0.
8:02 of 1st period - Sean Couturier wins face-off versus Olli Jokinen in neutral zone.
8:02 of 1st period - Chris Tanev is hit by Olli Jokinen and loses puck.
9:16 of 1st period - Chris Tanev is hit by Pierre-Alexandr Parenteau and loses puck.
9:23 of 1st period - Shot by Pierre-Alexandr Parenteau.
9:23 of 1st period - Shot Blocked by Chris Tanev.
10:07 of 1st period - Shot by Zemgus Girgensons.
10:07 of 1st period - Shot Misses the Net.
10:12 of 1st period - Icing by Carlo Colaiacovo.
10:13 of 1st period - Tomas Tatar wins face-off versus Mike Ribeiro in Flyers zone.
10:24 of 1st period - Shot by Mikael Backlund.
10:24 of 1st period - Shot Blocked by Mark Fistric.
10:26 of 1st period - Shot by Anton Volchenkov.
10:26 of 1st period - Stopped by Devan Dubnyk without a rebound.
10:27 of 1st period - Olli Jokinen wins face-off versus Cedric Paquette in Flyers zone.
10:27 of 1st period - Olli Jokinen is hit by Lance Bouma.
10:32 of 1st period - Luca Sbisa is hit by Alex Goligoski and loses puck.
10:40 of 1st period - Icing by Lance Bouma.
10:41 of 1st period - Cedric Paquette wins face-off versus Kyle Brodziak in Rangers zone.
11:50 of 1st period - David Jones is hit by Olli Jokinen and loses puck.
12:52 of 1st period - Shot by Mike Santorelli.
12:52 of 1st period - Shot Misses the Net.
12:59 of 1st period - Icing by Eric Brewer.
13:00 of 1st period - Mike Ribeiro wins face-off versus Tomas Tatar in Rangers zone.
13:55 of 1st period - Shot by Pierre-Alexandr Parenteau.
13:55 of 1st period - Stopped by Brian Elliott without a rebound.
13:56 of 1st period - Zemgus Girgensons wins face-off versus Gabriel Bourque in Rangers zone.
14:00 of 1st period - Craig Smith is hit by Gabriel Bourque and loses puck.
14:32 of 1st period - Shot by Daniel Sedin.
14:32 of 1st period - Shot Misses the Net.
14:37 of 1st period - Icing by Tyler Ennis.
14:38 of 1st period - Kyle Brodziak wins face-off versus Zemgus Girgensons in Rangers zone.
14:38 of 1st period - Kyle Brodziak is hit by Karl Alzner.
14:48 of 1st period - Shot by Kyle Brodziak.
14:48 of 1st period - Shot Misses the Net.
14:50 of 1st period - Shot by Ryan Ellis.
14:50 of 1st period - Shot Misses the Net.
14:52 of 1st period - Shot by Kyle Brodziak.
14:52 of 1st period - Shot Blocked by Karl Alzner.
15:13 of 1st period - Minor Penalty to Karl Alzner for Holding.
15:14 of 1st period - Sean Couturier wins face-off versus Mike Ribeiro in Rangers zone.
15:14 of 1st period - Sean Couturier is hit by Joel Ward.
15:24 of 1st period - Alex Goligoski is hit by Daniel Sedin and loses puck.
15:43 of 1st period - Tom Gilbert is hit by Sean Couturier.
15:46 of 1st period - Off-side.
15:47 of 1st period - Kyle Brodziak wins face-off versus Sean Couturier in neutral zone.
17:26 of 1st period - Icing by Kyle Brodziak.
17:27 of 1st period - Kyle Brodziak wins face-off versus Craig Smith in Flyers zone.
18:16 of 1st period - Shot by Mike Santorelli.
18:16 of 1st period - Shot Misses the Net.
18:18 of 1st period - Shot by Tom Gilbert.
18:18 of 1st period - Stopped by Brian Elliott without a rebound.
18:19 of 1st period - Olli Jokinen wins face-off versus Cedric Paquette in Rangers zone.
19:15 of 1st period - Jaromir Jagr is hit by Olli Jokinen and loses puck.
19:25 of 1st period - Chris Tanev is hit by Dan Boyle and loses puck.
Goals for this period are 2 for Flyers vs 0 for Rangers.
Shots for this period are 6 for Flyers vs 2 for Rangers.

2nd period


0:01 of 2nd period - Mikael Backlund wins face-off versus Joel Ward in neutral zone.
0:14 of 2nd period - Shot by Joel Ward.
0:14 of 2nd period - Shot Misses the Net.
0:16 of 2nd period - Shot by Daniel Sedin.
0:16 of 2nd period - Shot Blocked by Kris Russell.
1:04 of 2nd period - Shot by Zemgus Girgensons.
1:04 of 2nd period - Deflect By Craig Smith.
1:04 of 2nd period - Shot Blocked by Dan Boyle.
1:06 of 2nd period - Shot by Chris Tanev.
1:06 of 2nd period - Stopped by Devan Dubnyk with a rebound.
1:08 of 2nd period - Shot by Chris Tanev.
1:08 of 2nd period - Stopped by Devan Dubnyk without a rebound.
1:09 of 2nd period - Mike Ribeiro wins face-off versus Sean Couturier in Flyers zone.
1:09 of 2nd period - Mike Ribeiro is hit by Benoit Pouliot.
1:31 of 2nd period - Shot by Brad Richards.
1:31 of 2nd period - Shot Misses the Net.
1:36 of 2nd period - Icing by Mike Ribeiro.
1:37 of 2nd period - Zemgus Girgensons wins face-off versus Mike Ribeiro in Flyers zone.
1:51 of 2nd period - Shot by Zemgus Girgensons.
1:51 of 2nd period - Shot Misses the Net.
2:21 of 2nd period - Pierre-Alexandr Parenteau is hit by Zemgus Girgensons and loses puck.
2:40 of 2nd period - Shot by Pierre-Alexandr Parenteau.
2:40 of 2nd period - Shot Blocked by Jaromir Jagr.
2:45 of 2nd period - Icing by Mikael Backlund.
2:46 of 2nd period - Daniel Sedin wins face-off versus Tomas Tatar in Rangers zone.
3:07 of 2nd period - Minor Penalty to Olli Jokinen for Tripping.
3:08 of 2nd period - Kyle Brodziak wins face-off versus Zemgus Girgensons in Flyers zone.
3:08 of 2nd period - Kyle Brodziak is hit by Zemgus Girgensons.
3:36 of 2nd period - Shot by Chris Tanev.
3:36 of 2nd period - Stopped by Devan Dubnyk without a rebound.
3:37 of 2nd period - Kyle Brodziak wins face-off versus Tomas Tatar in Flyers zone.
3:54 of 2nd period - Shot by Tomas Tatar.
3:54 of 2nd period - Stopped by Devan Dubnyk without a rebound.
3:55 of 2nd period - Zemgus Girgensons wins face-off versus Mike Santorelli in Flyers zone.
4:06 of 2nd period - Shot by Alex Goligoski.
4:06 of 2nd period - Stopped by Devan Dubnyk without a rebound.
4:07 of 2nd period - Tomas Tatar wins face-off versus Kyle Brodziak in Flyers zone.
5:21 of 2nd period - Shot by Lance Bouma.
5:21 of 2nd period - Stopped by Devan Dubnyk without a rebound.
5:22 of 2nd period - Mike Ribeiro wins face-off versus Benoit Pouliot in Flyers zone.
5:31 of 2nd period - Shot by Sean Couturier.
5:31 of 2nd period - Shot Blocked by Dan Boyle.
5:56 of 2nd period - Shot by Ryan Ellis.
5:56 of 2nd period - Stopped by Brian Elliott without a rebound.
5:57 of 2nd period - Gabriel Bourque wins face-off versus Tomas Tatar in Rangers zone.
6:06 of 2nd period - Shot by Daniel Sedin.
6:06 of 2nd period - Stopped by Brian Elliott without a rebound.
6:07 of 2nd period - Gabriel Bourque wins face-off versus Tomas Tatar in Rangers zone.
6:10 of 2nd period - Shot by Daniel Sedin.
6:10 of 2nd period - Shot Misses the Net.
6:36 of 2nd period - Shot by Mikael Backlund.
6:36 of 2nd period - Shot Misses the Net.
6:40 of 2nd period - Shot by Mikael Backlund.
6:40 of 2nd period - Stopped by Devan Dubnyk with a rebound.
6:42 of 2nd period - Shot by Jaromir Jagr.
6:42 of 2nd period - Stopped by Devan Dubnyk with a rebound.
7:02 of 2nd period - Shot by Zemgus Girgensons.
7:02 of 2nd period - Shot Blocked by Tom Gilbert.
7:38 of 2nd period - Shot by Jean-Gabriel Pageau.
7:38 of 2nd period - Stopped by Brian Elliott without a rebound.
7:39 of 2nd period - Sean Couturier wins face-off versus Kyle Brodziak in Rangers zone.
7:41 of 2nd period - Icing by Chris Tanev.
7:42 of 2nd period - Sean Couturier wins face-off versus Mike Ribeiro in Rangers zone.
8:01 of 2nd period - Shot by Sean Couturier.
8:01 of 2nd period - Stopped by Devan Dubnyk with a rebound.
8:03 of 2nd period - Shot by Brad Richards.
8:03 of 2nd period - Stopped by Devan Dubnyk without a rebound.
8:04 of 2nd period - Tomas Tatar wins face-off versus Pierre-Alexandr Parenteau in Flyers zone.
8:10 of 2nd period - Icing by Mark Fistric.
8:11 of 2nd period - Kyle Brodziak wins face-off versus Tomas Tatar in Flyers zone.
8:45 of 2nd period - Mikael Backlund is hit by Mark Fistric and loses puck.
8:58 of 2nd period - Carlo Colaiacovo is hit by Mikael Backlund and loses puck.
9:25 of 2nd period - Shot by Zemgus Girgensons.
9:25 of 2nd period - Shot Blocked by Ryan Ellis.
9:30 of 2nd period - Minor Penalty to Zemgus Girgensons for Interference.
9:31 of 2nd period - Sean Couturier wins face-off versus Mike Ribeiro in Rangers zone.
10:03 of 2nd period - Shot by Daniel Sedin.
10:03 of 2nd period - Stopped by Brian Elliott without a rebound.
10:04 of 2nd period - Kyle Brodziak wins face-off versus Sean Couturier in Rangers zone.
10:07 of 2nd period - Shot by Dan Boyle.
10:07 of 2nd period - Stopped by Brian Elliott without a rebound.
10:08 of 2nd period - Sean Couturier wins face-off versus Kyle Brodziak in Rangers zone.
10:17 of 2nd period - Shot by Mike Santorelli.
10:17 of 2nd period - Shot Misses the Net.
10:19 of 2nd period - Shot by Mike Santorelli.
10:19 of 2nd period - Shot Misses the Net.
10:21 of 2nd period - Shot by Kyle Brodziak.
10:21 of 2nd period - Shot Blocked by Alex Goligoski.
10:44 of 2nd period - Off-side.
10:45 of 2nd period - Mike Ribeiro wins face-off versus Lance Bouma in neutral zone.
10:48 of 2nd period - Cedric Paquette is hit by Mike Ribeiro.
11:22 of 2nd period - Shot by Daniel Sedin.
11:22 of 2nd period - Stopped by Brian Elliott without a rebound.
11:23 of 2nd period - Kyle Brodziak wins face-off versus Lance Bouma in Rangers zone.
11:30 of 2nd period - Shot by Mike Santorelli.
11:30 of 2nd period - Shot Misses the Net.
11:54 of 2nd period - Shot by Damien Brunner.
11:54 of 2nd period - Stopped by Brian Elliott without a rebound.
11:55 of 2nd period - Tomas Tatar wins face-off versus Mike Ribeiro in Rangers zone.
12:11 of 2nd period - Mike Ribeiro is hit by Karl Alzner and loses puck.
13:06 of 2nd period - Shot by Zemgus Girgensons.
13:06 of 2nd period - Deflect By Tyler Ennis.
13:06 of 2nd period - Stopped by Devan Dubnyk with a rebound.
13:51 of 2nd period - Shot by Benoit Pouliot.
13:51 of 2nd period - Shot Blocked by Carlo Colaiacovo.
13:53 of 2nd period - Shot by Benoit Pouliot.
13:53 of 2nd period - Goal by Benoit Pouliot - Flyers : 2 - Rangers : 1.
13:54 of 2nd period - Sean Couturier wins face-off versus Olli Jokinen in neutral zone.
13:59 of 2nd period - Shot by Benoit Pouliot.
13:59 of 2nd period - Shot Misses the Net.
14:01 of 2nd period - Shot by Sean Couturier.
14:01 of 2nd period - Stopped by Devan Dubnyk without a rebound.
14:02 of 2nd period - Olli Jokinen wins face-off versus Tomas Tatar in Flyers zone.
14:04 of 2nd period - Icing by Joel Ward.
14:05 of 2nd period - Tomas Tatar wins face-off versus Olli Jokinen in Flyers zone.
14:18 of 2nd period - Shot by Mikael Backlund.
14:18 of 2nd period - Stopped by Devan Dubnyk without a rebound.
14:19 of 2nd period - Mike Ribeiro wins face-off versus Benoit Pouliot in Flyers zone.
14:28 of 2nd period - Shot by Mike Ribeiro.
14:28 of 2nd period - Shot Hit the Post.
15:34 of 2nd period - Icing by Daniel Sedin.
15:35 of 2nd period - Olli Jokinen wins face-off versus Zemgus Girgensons in Flyers zone.
15:50 of 2nd period - Shot by Joel Ward.
15:50 of 2nd period - Shot Misses the Net.
15:52 of 2nd period - Shot by Tom Gilbert.
15:52 of 2nd period - Shot Blocked by Eric Brewer.
15:54 of 2nd period - Shot by Olli Jokinen.
15:54 of 2nd period - Stopped by Brian Elliott without a rebound.
15:55 of 2nd period - Tomas Tatar wins face-off versus Kyle Brodziak in Rangers zone.
15:55 of 2nd period - Tomas Tatar is hit by Carl Hagelin.
16:18 of 2nd period - Shot by Tomas Tatar.
16:18 of 2nd period - Stopped by Devan Dubnyk without a rebound.
16:19 of 2nd period - Zemgus Girgensons wins face-off versus Mike Ribeiro in Flyers zone.
17:17 of 2nd period - Jean-Gabriel Pageau is hit by Zemgus Girgensons.
17:46 of 2nd period - Icing by Kris Russell.
17:47 of 2nd period - Kyle Brodziak wins face-off versus Tomas Tatar in Rangers zone.
17:50 of 2nd period - Shot by Mark Fistric.
17:50 of 2nd period - Stopped by Brian Elliott without a rebound.
17:51 of 2nd period - Sean Couturier wins face-off versus Olli Jokinen in Rangers zone.
18:05 of 2nd period - Icing by Chris Tanev.
18:06 of 2nd period - Sean Couturier wins face-off versus Kyle Brodziak in Rangers zone.
18:06 of 2nd period - Sean Couturier is hit by Kyle Brodziak.
19:32 of 2nd period - Shot by Tomas Tatar.
19:32 of 2nd period - Deflect By Mikael Backlund.
19:32 of 2nd period - Stopped by Devan Dubnyk without a rebound.
19:33 of 2nd period - Zemgus Girgensons wins face-off versus Mike Ribeiro in Flyers zone.
19:36 of 2nd period - Shot by Tyler Ennis.
19:36 of 2nd period - Stopped by Devan Dubnyk without a rebound.
19:37 of 2nd period - Mike Ribeiro wins face-off versus Craig Smith in Flyers zone.
Goals for this period are 0 for Flyers vs 1 for Rangers.
Shots for this period are 9 for Flyers vs 17 for Rangers.

3rd period


0:01 of 3rd period - Tomas Tatar wins face-off versus Olli Jokinen in neutral zone.
0:01 of 3rd period - Alex Goligoski is hit by Olli Jokinen and loses puck.
0:11 of 3rd period - Mikael Backlund is hit by Dan Boyle and loses puck.
0:42 of 3rd period - Shot by Joel Ward.
0:42 of 3rd period - Shot Blocked by Alex Goligoski.
1:12 of 3rd period - Shot by Jean-Gabriel Pageau.
1:12 of 3rd period - Stopped by Brian Elliott without a rebound.
1:13 of 3rd period - Kyle Brodziak wins face-off versus Sean Couturier in Rangers zone.
1:19 of 3rd period - Off-side.
1:20 of 3rd period - Mike Ribeiro wins face-off versus Zemgus Girgensons in neutral zone.
1:42 of 3rd period - Shot by Jean-Gabriel Pageau.
1:42 of 3rd period - Deflect By Mike Santorelli.
1:42 of 3rd period - Shot Blocked by Chris Tanev.
1:57 of 3rd period - Shot by Mike Ribeiro.
1:57 of 3rd period - Goal by Mike Ribeiro - Flyers : 3 - Rangers : 1.
1:58 of 3rd period - Kyle Brodziak wins face-off versus Tomas Tatar in neutral zone.
2:05 of 3rd period - Shot by Carl Hagelin.
2:05 of 3rd period - Deflect By Pierre-Alexandr Parenteau.
2:05 of 3rd period - Shot Misses the Net.
2:28 of 3rd period - Minor Penalty to Mark Fistric for Hooking.
2:29 of 3rd period - Kyle Brodziak wins face-off versus Zemgus Girgensons in Flyers zone.
3:36 of 3rd period - Shot by Kris Russell.
3:36 of 3rd period - Goal by Kris Russell - Flyers : 3 - Rangers : 2.
3:37 of 3rd period - Cedric Paquette wins face-off versus Gabriel Bourque in neutral zone.
4:04 of 3rd period - Shot by Lance Bouma.
4:04 of 3rd period - Shot Misses the Net.
5:08 of 3rd period - Icing by Tyler Ennis.
5:09 of 3rd period - Kyle Brodziak wins face-off versus Zemgus Girgensons in Rangers zone.
5:12 of 3rd period - Shot by Carl Hagelin.
5:12 of 3rd period - Shot Misses the Net.
5:17 of 3rd period - Craig Smith is hit by Carl Hagelin and loses puck.
5:44 of 3rd period - Shot by Kyle Brodziak.
5:44 of 3rd period - Deflect By Carl Hagelin.
5:44 of 3rd period - Shot Misses the Net.
5:50 of 3rd period - Shot by Pierre-Alexandr Parenteau.
5:50 of 3rd period - Deflect By Kyle Brodziak.
5:50 of 3rd period - Shot Misses the Net.
6:27 of 3rd period - Shot by Mike Ribeiro.
6:27 of 3rd period - Deflect By Jean-Gabriel Pageau.
6:27 of 3rd period - Stopped by Brian Elliott without a rebound.
6:28 of 3rd period - Sean Couturier wins face-off versus Olli Jokinen in Rangers zone.
6:28 of 3rd period - Sean Couturier is hit by Olli Jokinen.
7:42 of 3rd period - Shot by David Jones.
7:42 of 3rd period - Stopped by Devan Dubnyk without a rebound.
7:43 of 3rd period - Zemgus Girgensons wins face-off versus Kyle Brodziak in Flyers zone.
7:43 of 3rd period - Zemgus Girgensons is hit by Mark Fistric.
7:47 of 3rd period - Shot by Tyler Ennis.
7:47 of 3rd period - Deflect By Zemgus Girgensons.
7:47 of 3rd period - Shot Blocked by Carlo Colaiacovo.
7:53 of 3rd period - Shot by Pierre-Alexandr Parenteau.
7:53 of 3rd period - Stopped by Brian Elliott without a rebound.
7:54 of 3rd period - Mike Ribeiro wins face-off versus Tomas Tatar in Rangers zone.
7:54 of 3rd period - Jean-Gabriel Pageau is hit by Karl Alzner and loses puck.
8:13 of 3rd period - Shot by Tom Gilbert.
8:13 of 3rd period - Stopped by Brian Elliott without a rebound.
8:14 of 3rd period - Zemgus Girgensons wins face-off versus Kyle Brodziak in Rangers zone.
8:14 of 3rd period - Zemgus Girgensons is hit by Kyle Brodziak.
8:34 of 3rd period - Tyler Ennis is hit by Carl Hagelin.
8:49 of 3rd period - Off-side.
8:50 of 3rd period - Tomas Tatar wins face-off versus Joel Ward in neutral zone.
9:04 of 3rd period - Icing by Dan Boyle.
9:05 of 3rd period - Sean Couturier wins face-off versus Olli Jokinen in Flyers zone.
10:04 of 3rd period - Icing by Ryan Ellis.
10:05 of 3rd period - Tomas Tatar wins face-off versus Olli Jokinen in Flyers zone.
10:06 of 3rd period - Shot by Alex Goligoski.
10:06 of 3rd period - Shot Misses the Net.
10:16 of 3rd period - Shot by Mikael Backlund.
10:16 of 3rd period - Shot Blocked by Ryan Ellis.
10:32 of 3rd period - Alex Goligoski is hit by Mike Santorelli and loses puck.
11:00 of 3rd period - Shot by Jean-Gabriel Pageau.
11:00 of 3rd period - Deflect By Mike Ribeiro.
11:00 of 3rd period - Shot Misses the Net.
11:02 of 3rd period - Shot by Luca Sbisa.
11:02 of 3rd period - Stopped by Brian Elliott without a rebound.
11:03 of 3rd period - Zemgus Girgensons wins face-off versus Kyle Brodziak in Rangers zone.
11:13 of 3rd period - Chris Tanev is hit by Carl Hagelin.
11:46 of 3rd period - Icing by Chris Tanev.
11:47 of 3rd period - Mike Ribeiro wins face-off versus Tyler Ennis in Rangers zone.
12:00 of 3rd period - Tom Gilbert is hit by Zemgus Girgensons and loses puck.
12:19 of 3rd period - Icing by Jean-Gabriel Pageau.
12:20 of 3rd period - Mike Ribeiro wins face-off versus Tomas Tatar in Flyers zone.
12:20 of 3rd period - Mike Ribeiro is hit by Jaromir Jagr.
12:53 of 3rd period - Shot by Tomas Tatar.
12:53 of 3rd period - Stopped by Devan Dubnyk without a rebound.
12:54 of 3rd period - Sean Couturier wins face-off versus Olli Jokinen in Flyers zone.
12:59 of 3rd period - Shot by Sean Couturier.
12:59 of 3rd period - Stopped by Devan Dubnyk without a rebound.
13:00 of 3rd period - Sean Couturier wins face-off versus Olli Jokinen in Flyers zone.
13:09 of 3rd period - Shot by Sean Couturier.
13:09 of 3rd period - Stopped by Devan Dubnyk with a rebound.
13:17 of 3rd period - Shot by Sean Couturier.
13:17 of 3rd period - Deflect By Brad Richards.
13:17 of 3rd period - Goal by Brad Richards - Flyers : 3 - Rangers : 3.
13:18 of 3rd period - Tomas Tatar wins face-off versus Kyle Brodziak in neutral zone.
13:29 of 3rd period - Carl Hagelin is hit by Tomas Tatar and loses puck.
13:44 of 3rd period - Shot by Tomas Tatar.
13:44 of 3rd period - Stopped by Devan Dubnyk without a rebound.
13:45 of 3rd period - Zemgus Girgensons wins face-off versus Olli Jokinen in Flyers zone.
14:55 of 3rd period - Shot by Mikael Backlund.
14:55 of 3rd period - Shot Misses the Net.
15:27 of 3rd period - Minor Penalty to Alex Goligoski for Interference.
15:28 of 3rd period - Kyle Brodziak wins face-off versus Sean Couturier in Rangers zone.
15:43 of 3rd period - Shot by Carlo Colaiacovo.
15:43 of 3rd period - Stopped by Brian Elliott without a rebound.
15:44 of 3rd period - Mike Ribeiro wins face-off versus Sean Couturier in Rangers zone.
15:53 of 3rd period - Shot by Joel Ward.
15:53 of 3rd period - Deflect By Daniel Sedin.
15:53 of 3rd period - Stopped by Brian Elliott with a rebound.
16:40 of 3rd period - Icing by Dan Boyle.
16:41 of 3rd period - Kyle Brodziak wins face-off versus Sean Couturier in Flyers zone.
17:02 of 3rd period - Shot by Mike Santorelli.
17:02 of 3rd period - Shot Hit the Post.
17:04 of 3rd period - Shot by Dan Boyle.
17:04 of 3rd period - Shot Misses the Net.
17:34 of 3rd period - Shot by Pierre-Alexandr Parenteau.
17:34 of 3rd period - Stopped by Brian Elliott without a rebound.
17:35 of 3rd period - Zemgus Girgensons wins face-off versus Kyle Brodziak in Rangers zone.
17:47 of 3rd period - Shot by Pierre-Alexandr Parenteau.
17:47 of 3rd period - Stopped by Brian Elliott without a rebound.
17:48 of 3rd period - Sean Couturier wins face-off versus Gabriel Bourque in Rangers zone.
19:27 of 3rd period - Shot by Mikael Backlund.
19:27 of 3rd period - Deflect By Jaromir Jagr.
19:27 of 3rd period - Shot Misses the Net.
19:33 of 3rd period - Anton Volchenkov is hit by Kyle Brodziak and loses puck.
19:56 of 3rd period - Chris Tanev is hit by Ryan Ellis and loses puck.
Goals for this period are 1 for Flyers vs 2 for Rangers.
Shots for this period are 10 for Flyers vs 7 for Rangers.

Overtime #1


0:01 of 1st overtime period - Kyle Brodziak wins face-off versus Zemgus Girgensons in neutral zone.
0:12 of 1st overtime period - Shot by Zemgus Girgensons.
0:12 of 1st overtime period - Deflect By Tomas Tatar.
0:12 of 1st overtime period - Stopped by Devan Dubnyk without a rebound.
0:13 of 1st overtime period - Zemgus Girgensons wins face-off versus Kyle Brodziak in Flyers zone.
0:14 of 1st overtime period - Shot by Tomas Tatar.
0:14 of 1st overtime period - Shot Misses the Net.
0:34 of 1st overtime period - Shot by Dan Boyle.
0:34 of 1st overtime period - Stopped by Brian Elliott with a rebound.
0:37 of 1st overtime period - Icing by Alex Goligoski.
0:38 of 1st overtime period - Kyle Brodziak wins face-off versus Tomas Tatar in Rangers zone.
0:51 of 1st overtime period - Shot by Kyle Brodziak.
0:51 of 1st overtime period - Shot Blocked by Kris Russell.
0:53 of 1st overtime period - Shot by Carlo Colaiacovo.
0:53 of 1st overtime period - Shot Misses the Net.
0:55 of 1st overtime period - Shot by Mike Ribeiro.
0:55 of 1st overtime period - Stopped by Brian Elliott without a rebound.
0:56 of 1st overtime period - Kyle Brodziak wins face-off versus Zemgus Girgensons in Rangers zone.
0:56 of 1st overtime period - Kyle Brodziak is hit by Eric Brewer.
1:14 of 1st overtime period - Shot by Mike Ribeiro.
1:14 of 1st overtime period - Stopped by Brian Elliott without a rebound.
1:15 of 1st overtime period - Zemgus Girgensons wins face-off versus Kyle Brodziak in Rangers zone.
1:37 of 1st overtime period - Off-side.
1:38 of 1st overtime period - Mikael Backlund wins face-off versus Olli Jokinen in neutral zone.
1:49 of 1st overtime period - Shot by Jaromir Jagr.
1:49 of 1st overtime period - Stopped by Devan Dubnyk without a rebound.
1:50 of 1st overtime period - Kyle Brodziak wins face-off versus Zemgus Girgensons in Flyers zone.
2:29 of 1st overtime period - Dan Boyle is hit by Tomas Tatar and loses puck.
2:46 of 1st overtime period - Shot by Olli Jokinen.
2:46 of 1st overtime period - Shot Blocked by Kris Russell.
2:58 of 1st overtime period - Shot by Joel Ward.
2:58 of 1st overtime period - Shot Misses the Net.
3:21 of 1st overtime period - Shot by Damien Brunner.
3:21 of 1st overtime period - Shot Misses the Net.
3:23 of 1st overtime period - Shot by Carlo Colaiacovo.
3:23 of 1st overtime period - Stopped by Brian Elliott without a rebound.
3:24 of 1st overtime period - Kyle Brodziak wins face-off versus Mikael Backlund in Rangers zone.
3:32 of 1st overtime period - Icing by Eric Brewer.
3:33 of 1st overtime period - Kyle Brodziak wins face-off versus Mikael Backlund in Rangers zone.
3:38 of 1st overtime period - Shot by Kyle Brodziak.
3:38 of 1st overtime period - Shot Blocked by Karl Alzner.
3:40 of 1st overtime period - Shot by Carlo Colaiacovo.
3:40 of 1st overtime period - Shot Blocked by Karl Alzner.
3:42 of 1st overtime period - Shot by Tom Gilbert.
3:42 of 1st overtime period - Stopped by Brian Elliott with a rebound.
4:12 of 1st overtime period - Shot by Jaromir Jagr.
4:12 of 1st overtime period - Shot Blocked by Olli Jokinen.
4:14 of 1st overtime period - Shot by Mikael Backlund.
4:14 of 1st overtime period - Shot Blocked by Mark Fistric.
4:16 of 1st overtime period - Shot by Mikael Backlund.
4:16 of 1st overtime period - Stopped by Devan Dubnyk without a rebound.
4:17 of 1st overtime period - Joel Ward wins face-off versus Cedric Paquette in Flyers zone.
4:41 of 1st overtime period - Off-side.
4:42 of 1st overtime period - Mikael Backlund wins face-off versus Kyle Brodziak in neutral zone.
Goals for this period are 0 for Flyers vs 0 for Rangers.
Shots for this period are 5 for Flyers vs 3 for Rangers.

ShootOut


5:00 of 1st overtime period - Penalty Shot by Kyle Brodziak for Flyers.
5:00 of 1st overtime period - Stopped by Brian Elliott.
5:00 of 1st overtime period - Penalty Shot by Tomas Tatar for Rangers.
5:00 of 1st overtime period - Stopped by Devan Dubnyk.
5:00 of 1st overtime period - Penalty Shot by Joel Ward for Flyers.
5:00 of 1st overtime period - Stopped by Brian Elliott.
5:00 of 1st overtime period - Penalty Shot by Benoit Pouliot for Rangers.
5:00 of 1st overtime period - Shot Misses the Net.
5:00 of 1st overtime period - Penalty Shot by Daniel Sedin for Flyers.
5:00 of 1st overtime period - Shot Misses the Net.
5:00 of 1st overtime period - Penalty Shot by Craig Smith for Rangers.
5:00 of 1st overtime period - Stopped by Devan Dubnyk.
5:00 of 1st overtime period - Penalty Shot by Mike Ribeiro for Flyers.
5:00 of 1st overtime period - Stopped by Brian Elliott.
5:00 of 1st overtime period - Penalty Shot by Tyler Ennis for Rangers.
5:00 of 1st overtime period - Stopped by Devan Dubnyk.
5:00 of 1st overtime period - Penalty Shot by Olli Jokinen for Flyers.
5:00 of 1st overtime period - Stopped by Brian Elliott.
5:00 of 1st overtime period - Penalty Shot by Jaromir Jagr for Rangers.
5:00 of 1st overtime period - Stopped by Devan Dubnyk.
5:00 of 1st overtime period - Penalty Shot by Pierre-Alexandr Parenteau for Flyers.
5:00 of 1st overtime period - Stopped by Brian Elliott.
5:00 of 1st overtime period - Penalty Shot by Zemgus Girgensons for Rangers.
5:00 of 1st overtime period - Shot Misses the Net.
5:00 of 1st overtime period - Penalty Shot by Mike Santorelli for Flyers.
5:00 of 1st overtime period - Shot Misses the Net.
5:00 of 1st overtime period - Penalty Shot by Sean Couturier for Rangers.
5:00 of 1st overtime period - Stopped by Devan Dubnyk.
5:00 of 1st overtime period - Penalty Shot by Jean-Gabriel Pageau for Flyers.
5:00 of 1st overtime period - Stopped by Brian Elliott.
5:00 of 1st overtime period - Penalty Shot by Brad Richards for Rangers.
5:00 of 1st overtime period - Goal by Brad Richards.